 Dungeon Sprint DCSS version 0.20-a0-9-g62d82d9 (webtiles) character file.

4000000 packetloss the Axe Maniac (level 23, -13/219 HPs)
             Began as a Demonspawn Artificer on Nov 1, 2016.
             Was the Champion of Makhleb.
             Mangled by The Servant
             ... wielding a +9 glaive of flaming
              (34 damage)
             ... in the Dungeon (Sprint VIII: "Arena of Blood").
             The game lasted 00:02:55 (40 turns).

packetloss the Axe Maniac (Demonspawn Artificer)      Turns: 40, Time: 00:02:56

Health: -13/219    AC: 10    Str: 12    XL:     23   Next: 88%
Magic:  10/54      EV: 34    Int: 17    God:    Makhleb [******]
Gold:   0          SH:  0    Dex: 20    Spells: 0 memorised, 76 levels left

rFire  . . .     SeeInvis +     m - +∞ Axe of Woe
rCold  . . .     Gourm    .     b - +0 leather armour
rNeg   + . .     Faith    .     (shield currently unavailable)
rPois  .         Spirit   .     (helmet unavailable)
rElec  +         Reflect  .     (no cloak)
rCorr  .         Harm     .     (no gloves)
MR     +....     NoTele   +     (no boots)
Stlth  +++++++++.               (no amulet)
                                (no ring)
                                (no ring)

@: no status effects
A: antennae 3, thin metallic scales 3, demonic guardian 3, foul stench 2,
negative energy resistance 1, rot immunity
a: Minor Destruction, Lesser Servant of Makhleb, Major Destruction, Greater
Servant of Makhleb, Renounce Religion


You were in the Dungeon.
You worshipped Makhleb.
Makhleb was exalted by your worship.
You were not hungry.

You visited 1 branch

Inventory:

Hand Weapons
 a - a +0 short sword
 m - the +∞ Axe of Woe (weapon)
   (You found it in the Dungeon)
Armour
 b - a +0 leather armour (worn)
Wands
 c - a wand of flame (15/48)
 d - a wand of enslavement (15/24)
 e - a wand of random effects (15/48)
Scrolls
 l - a scroll of blinking {!r}
Potions
 g - a potion of curing
 h - a potion of heal wounds
 i - a potion of haste
 j - 2 potions of magic
 k - a potion of berserk rage {!q}
Comestibles
 f - a bread ration {@e1}


   Skills:
 O Level 27 Fighting
 O Level 27 Short Blades
 O Level 27 Axes
 O Level 27 Throwing
 O Level 27 Armour
 O Level 27 Dodging
 O Level 27 Stealth
 O Level 27 Unarmed Combat
 O Level 27 Spellcasting
 O Level 27 Invocations
 O Level 27 Evocations


You had 76 spell levels left.
You didn't know any spells.

Dungeon Overview and Level Annotations

Branches:
Dungeon (1/1)

Altars:
Makhleb

Annotations:
D The Servant


Innate Abilities, Weirdness & Mutations

You have a pair of large antennae on your head. (SInv)
You are completely covered in thin metallic scales. (AC +4, rElec)
A powerful demonic guardian rushes to your aid.
You frequently emit foul miasma when damaged in melee.
You resist negative energy. (rN+)
You are immune to rotting.


Message History

You hit the large bag of meat.
You pulverise the large bag of meat into a thin bloody mist.
The large bag of meat explodes!
The fiery explosion engulfs you!
The fiery explosion engulfs the destroyer.
The fiery explosion engulfs the large bag of meat.
The large bag of meat explodes!
The fiery explosion engulfs the bag of meat.
The bag of meat dies!
The fiery explosion engulfs the bag of meat.
The fiery explosion engulfs you!
* * * LOW HITPOINT WARNING * * *
The fiery explosion engulfs the bag of meat. x2
The bag of meat dies!
Makhleb accepts your kill.
You feel better.
Your Throwing skill increases to level 21!
Your Unarmed Combat skill increases to level 21!
You are engulfed in roaring flames.
You hear a shout! x8
The meat berserker rages.
You hear a shout! x3 2 orcs come into view.
Unknown command.
You take 5 damage, and have 115/219 hp.
Unknown command.
Unknown command.
An orc and a vampire knight come into view.
The destroyer is wielding a +9 great sword of slicing.
The bag of meat shouts!
You hear a shout! x3
The destroyer blinks! x2
The destroyer is engulfed in roaring flames.
The destroyer blinks!
You hear a shout!
The bag of meat is engulfed in roaring flames.
The bag of meat moves out of view.
You hear a shout!
The eight-headed meat hydra calls on the powers of darkness!
The eight-headed meat hydra convulses!
The bag of meat convulses!
The meat berserker convulses!
The bag of meat convulses! x4
Your body is wracked with pain!
* * * LOW HITPOINT WARNING * * *
The bag of meat convulses! x6; The meat berserker convulses! 2 orcs and 2 skeletal warriors come into view.
Items here: % )))) ==== †† You take 50 damage, and have 65/219 hp.
MASSIVE DAMAGE!!
Unknown command.
You slice the bag of meat!!
You hew the bag of meat savagely.
You kill the bag of meat!
Makhleb accepts your kill.
You feel better.
You slice the bag of meat!!
You hew the bag of meat savagely.
You kill the bag of meat!
Makhleb accepts your kill.
You feel better.
You slash the destroyer!
You hew the destroyer savagely.
You destroy the destroyer!
Makhleb accepts your kill.
You feel better.
You have mastered Short Blades!
Your Throwing skill gained 3 levels and is now at level 24!
Your Unarmed Combat skill gained 3 levels and is now at level 24!
The meat berserker rages.
The Servant hits you from afar with a +9 glaive of flaming!!!
The Servant burns you.
You hear a shout!
The meat berserker rages.
The destroyer blinks!
The bag of meat is engulfed in roaring flames.
You hear a shout! x4
An orc and an ogre come into view.
You regained 75 hp, and now have 140/219 hp.
You slash the destroyer!
You fatally mangle the destroyer.
You destroy the destroyer!
Makhleb accepts your kill.
You feel better.
You have mastered Throwing!
You have mastered Unarmed Combat!
You cannot train any new skill.
You hit the bag of meat.
You dissect the bag of meat like a pig carcass.
You kill the bag of meat!
Makhleb accepts your kill.
You feel better.
You hear a shout!
The destroyer is engulfed in roaring flames.
The destroyer blinks!
Some corpses begin to drag themselves along the ground!
Some corpses meld into agglomerations of writhing flesh!
The eight-headed meat hydra calls on the powers of darkness!
The eight-headed meat hydra convulses!
The meat berserker convulses!
The bag of meat convulses! x4
Your body is wracked with pain!
The bag of meat convulses! x5; The meat berserker convulses!
The bag of meat convulses!
The meat berserker convulses!
The destroyer appears out of thin air!
A destroyer comes into view.
It is wielding a +9 great sword of slicing.
The destroyer blinks!
The bag of meat is engulfed in roaring flames.
The Servant hits you from afar with a +9 glaive of flaming!!!!
* * * LOW HITPOINT WARNING * * *
The Servant burns you!!
You die...

.#...o....%......
.O#o...%.. #{....
..o.o#o... #.....
.o#......###%...
....oo.oo%.§..###
....DO#@oo....._.
..z.#§§§Vx§.#....
#...§)@o§xx#_.<.
..V.#x§)VX§.#....
.....X#x§O§..))_.
.......§§§..%%###
.....%..%###o))..
....%..x.. #..V..
.%%....... #.....
..#.....z........


You could see The Servant, an eight-headed meat hydra, 4 destroyers, 2 sculptors
of flesh, 2 large abominations, 3 meat berserkers, 3 small abominations, 14 bags
of meat and 3 crawling corpses.

Vanquished Creatures
  3 vampire knights (D)
  9 ogres (D)
  29 orcs (D)
  6 hill giants (D)
47 creatures vanquished.

Vanquished Creatures (others)
  2 orcs (D)
  A hill giant (D)
3 creatures vanquished.

Grand Total: 50 creatures vanquished

Notes
Turn   | Place    | Note
-------+----------+-------------------------------------------
     0 | D        | packetloss the Demonspawn Artificer began the quest for the Orb.
     0 | D        | Reached XP level 1. HP: 15/15 MP: 3/3
     3 | D        | Noticed a bag of meat
     3 | D        | Noticed a bag of meat
     3 | D        | Noticed a meat berserker
     4 | D        | Noticed a bag of meat
     4 | D        | Became a worshipper of Makhleb the Destroyer
     5 | D        | Noticed a bag of meat
     5 | D        | Noticed a bag of meat
     6 | D        | Noticed a bag of meat
     7 | D        | Noticed a meat berserker
     7 | D        | Killed a meat berserker
     7 | D        | Reached skill level 15 in Fighting
     7 | D        | Reached skill level 14 in Short Blades
     7 | D        | Reached skill level 14 in Dodging
     7 | D        | Reached skill level 15 in Stealth
     7 | D        | Reached skill level 15 in Evocations
     7 | D        | Gained mutation: You are partially covered in thin metallic scales. (AC +2) [demonic ancestry]
     7 | D        | Reached XP level 2. HP: 44/44 MP: 3/10
     7 | D        | Gained mutation: A weak demonic guardian rushes to your aid. [demonic ancestry]
     7 | D        | Reached XP level 3. HP: 50/50 MP: 3/12
     7 | D        | Reached XP level 4. HP: 57/57 MP: 3/13
     7 | D        | Gained mutation: You are mostly covered in thin metallic scales. (AC +3) [demonic ancestry]
     7 | D        | Reached XP level 5. HP: 63/63 MP: 3/15
     7 | D        | Gained mutation: You have a pair of small antennae on your head. [demonic ancestry]
     7 | D        | Reached XP level 6. HP: 70/70 MP: 3/16
     7 | D        | Gained mutation: You are immune to rotting. [demonic ancestry]
     7 | D        | Reached XP level 7. HP: 76/76 MP: 3/18
     7 | D        | Reached XP level 8. HP: 83/83 MP: 3/19
     7 | D        | Gained mutation: You are completely covered in thin metallic scales. (AC +4, rElec) [demonic ancestry]
     7 | D        | Reached XP level 9. HP: 89/89 MP: 3/20
     7 | D        | Reached XP level 10. HP: 96/96 MP: 3/21
     7 | D        | Gained mutation: You may emit foul miasma when damaged in melee. [demonic ancestry]
     7 | D        | Reached XP level 11. HP: 102/102 MP: 3/22
     7 | D        | Reached XP level 12. HP: 110/110 MP: 3/23
     7 | D        | Reached XP level 13. HP: 116/116 MP: 3/24
     7 | D        | Killed a bag of meat
     7 | D        | Reached * piety under Makhleb
     7 | D        | Reached skill level 16 in Fighting
     7 | D        | Reached skill level 15 in Short Blades
     7 | D        | Reached skill level 15 in Dodging
     7 | D        | Reached skill level 16 in Stealth
     7 | D        | Reached skill level 16 in Evocations
     8 | D        | Noticed a bag of meat
     8 | D        | Noticed a bag of meat
     8 | D        | Killed a bag of meat
     8 | D        | Reached skill level 17 in Fighting
     8 | D        | Reached skill level 16 in Short Blades
     8 | D        | Reached skill level 16 in Dodging
     8 | D        | Reached skill level 17 in Stealth
     8 | D        | Reached skill level 17 in Evocations
     8 | D        | Reached XP level 14. HP: 128/128 MP: 3/26
     8 | D        | Killed a bag of meat
     8 | D        | Reached skill level 18 in Fighting
     8 | D        | Reached skill level 17 in Short Blades
     8 | D        | Reached skill level 17 in Dodging
     8 | D        | Reached skill level 18 in Stealth
     8 | D        | Reached skill level 18 in Evocations
     9 | D        | Noticed a meat berserker
     9 | D        | Noticed a bag of meat
     9 | D        | Noticed a bag of meat
     9 | D        | Noticed a bag of meat
     9 | D        | Killed a meat berserker
     9 | D        | Reached ** piety under Makhleb
     9 | D        | Reached skill level 18 in Axes
     9 | D        | Gained mutation: You frequently emit foul miasma when damaged in melee. [demonic ancestry]
     9 | D        | Reached XP level 15. HP: 92/137 MP: 3/28
     9 | D        | Reached skill level 21 in Axes
     9 | D        | Reached skill level 23 in Axes
     9 | D        | Gained mutation: You have a pair of antennae on your head. [demonic ancestry]
     9 | D        | Reached XP level 16. HP: 145/145 MP: 3/29
     9 | D        | Reached *** piety under Makhleb
     9 | D        | Reached skill level 26 in Axes
    10 | D        | Reached skill level 27 in Axes
    10 | D        | Reached skill level 19 in Dodging
    11 | D        | Killed a meat berserker
    11 | D        | Reached skill level 24 in Dodging
    11 | D        | Gained mutation: You have a pair of large antennae on your head. (SInv) [demonic ancestry]
    11 | D        | Reached XP level 17. HP: 151/151 MP: 4/30
    11 | D        | Reached **** piety under Makhleb
    11 | D        | Reached skill level 26 in Dodging
    15 | D        | Reached skill level 27 in Dodging
    15 | D        | Reached skill level 21 in Fighting
    17 | D        | Reached skill level 24 in Fighting
    17 | D        | Reached XP level 18. HP: 175/175 MP: 5/31
    17 | D        | Reached skill level 26 in Fighting
    18 | D        | Noticed a meat berserker
    18 | D        | Reached ***** piety under Makhleb
    18 | D        | Reached skill level 27 in Fighting
    18 | D        | Reached skill level 22 in Stealth
    19 | D        | Noticed a large bag of meat
    20 | D        | Noticed a large bag of meat
    20 | D        | Noticed a destroyer
    21 | D        | Killed a meat berserker
    21 | D        | Reached skill level 27 in Stealth
    21 | D        | Reached skill level 7 in Invocations
    21 | D        | Gained mutation: A demonic guardian rushes to your aid. [demonic ancestry]
    21 | D        | Reached XP level 19. HP: 189/189 MP: 6/32
    21 | D        | Reached skill level 19 in Invocations
    22 | D        | Reached skill level 24 in Invocations
    23 | D        | Reached skill level 27 in Invocations
    23 | D        | Reached skill level 4 in Armour
    23 | D        | Reached skill level 4 in Spellcasting
    23 | D        | Reached skill level 19 in Evocations
    24 | D        | Killed a large bag of meat
    24 | D        | Reached skill level 8 in Armour
    24 | D        | Reached skill level 8 in Spellcasting
    24 | D        | Reached skill level 20 in Evocations
    25 | D        | Noticed a meat berserker
    25 | D        | Noticed a meat berserker
    25 | D        | Killed a large bag of meat
    25 | D        | Reached skill level 10 in Armour
    25 | D        | Reached skill level 10 in Spellcasting
    25 | D        | Reached skill level 21 in Evocations
    26 | D        | Noticed a large bag of meat
    27 | D        | Noticed a large bag of meat
    27 | D        | Noticed a large bag of meat
    27 | D        | Noticed a large bag of meat
    27 | D        | Reached skill level 12 in Armour
    27 | D        | Reached skill level 12 in Spellcasting
    27 | D        | Reached XP level 20. HP: 197/197 MP: 7/37
    28 | D        | Noticed a meat berserker
    28 | D        | Noticed a meat berserker
    29 | D        | Killed a meat berserker
    29 | D        | Reached ****** piety under Makhleb
    29 | D        | Reached skill level 16 in Armour
    29 | D        | Reached skill level 16 in Spellcasting
    29 | D        | Reached skill level 23 in Evocations
    29 | D        | Reached skill level 17 in Armour
    29 | D        | Reached skill level 17 in Spellcasting
    29 | D        | Reached skill level 24 in Evocations
    30 | D        | Noticed an eight-headed meat hydra
    30 | D        | Reached skill level 18 in Armour
    30 | D        | Reached skill level 18 in Spellcasting
    30 | D        | Reached skill level 25 in Evocations
    31 | D        | Noticed a meat berserker
    31 | D        | Reached skill level 19 in Armour
    31 | D        | Reached skill level 19 in Spellcasting
    31 | D        | Reached skill level 26 in Evocations
    31 | D        | Reached skill level 20 in Armour
    31 | D        | Reached skill level 20 in Spellcasting
    31 | D        | Reached skill level 27 in Evocations
    31 | D        | Gained mutation: You resist negative energy. (rN+) [demonic ancestry]
    31 | D        | Reached XP level 21. HP: 204/204 MP: 8/45
    31 | D        | Reached skill level 21 in Armour
    31 | D        | Reached skill level 21 in Spellcasting
    32 | D        | Noticed a destroyer
    32 | D        | Killed a destroyer
    32 | D        | Reached skill level 24 in Armour
    32 | D        | Reached skill level 24 in Spellcasting
    32 | D        | Reached skill level 26 in Armour
    32 | D        | Reached skill level 26 in Spellcasting
    32 | D        | Reached skill level 27 in Armour
    32 | D        | Reached skill level 27 in Spellcasting
    32 | D        | Reached skill level 18 in Short Blades
    32 | D        | Reached skill level 7 in Throwing
    32 | D        | Reached skill level 7 in Unarmed Combat
    33 | D        | Noticed a destroyer
    33 | D        | Reached skill level 19 in Short Blades
    33 | D        | Reached skill level 10 in Throwing
    33 | D        | Reached skill level 10 in Unarmed Combat
    33 | D        | Reached XP level 22. HP: 212/212 MP: 8/53
    33 | D        | Reached skill level 21 in Short Blades
    33 | D        | Reached skill level 14 in Throwing
    33 | D        | Reached skill level 14 in Unarmed Combat
    33 | D        | Reached skill level 22 in Short Blades
    33 | D        | Reached skill level 17 in Throwing
    33 | D        | Reached skill level 17 in Unarmed Combat
    35 | D        | Noticed a destroyer
    35 | D        | Noticed The Servant
    35 | D        | HP: 40/212 [large bag of meat/exploding inner flame (42)]
    35 | D        | Reached skill level 23 in Short Blades
    35 | D        | Reached skill level 18 in Throwing
    35 | D        | Reached skill level 18 in Unarmed Combat
    35 | D        | Reached skill level 24 in Short Blades
    35 | D        | Reached skill level 19 in Throwing
    35 | D        | Reached skill level 19 in Unarmed Combat
    35 | D        | Reached skill level 20 in Throwing
    35 | D        | Reached skill level 20 in Unarmed Combat
    36 | D        | Gained mutation: A powerful demonic guardian rushes to your aid. [demonic ancestry]
    36 | D        | Reached XP level 23. HP: 178/219 MP: 9/54
    36 | D        | Reached skill level 25 in Short Blades
    37 | D        | Noticed a destroyer
    37 | D        | Reached skill level 21 in Throwing
    37 | D        | Reached skill level 21 in Unarmed Combat
    38 | D        | Noticed a destroyer
    39 | D        | Killed a destroyer
    39 | D        | Reached skill level 27 in Short Blades
    39 | D        | Reached skill level 24 in Throwing
    39 | D        | Reached skill level 24 in Unarmed Combat
    40 | D        | Killed a destroyer
    40 | D        | Reached skill level 27 in Throwing
    40 | D        | Reached skill level 27 in Unarmed Combat
    40 | D        | HP: 21/219 [The Servant/+9 glaive of flaming (101)]
    40 | D        | Mangled by The Servant

Vault maps used:
D:        meatsprint

Skill      XL: |  1  2  3  4  5  6  7  8  9 10 11 12 13 14 15 16 17 18 19 20 21 22 23 |
---------------+----------------------------------------------------------------------+-----
Fighting       | 15 17 18 24 27 | 27.0
Short Blades   | 14 16 17 19 24 27 | 27.0
Dodging        | 14 16 17 24 27 | 27.0
Stealth        | 15 17 18 27 | 27.0
Evocations     | 15 17 18 21 27 | 27.0
Axes           | 18 23 27 | 27.0
Invocations    | 7 27 | 27.0
Armour         | 12 20 27 | 27.0
Spellcasting   | 12 20 27 | 27.0
Throwing       | 10 20 27 | 27.0
Unarmed Combat | 10 20 27 | 27.0

Action                   |  1- 3 |  4- 6 |  7- 9 | 10-12 | 13-15 | 16-18 | 19-21 | 22-24 || total
-------------------------+-------+-------+-------+-------+-------+-------+-------+-------++-------
Melee: Executioner's axe |     1 |       |       |       |     2 |     6 |    10 |     5 ||    24
Dodge: Dodged            |       |       |       |       |     2 |     1 |       |     1 ||     4

Vault maps used:
D:        meatsprint

Table legend:
 A = Turns spent in this place as a percentage of turns spent in the entire game.
 B = Non-inter-level travel turns spent in this place as a percentage of non-inter-level travel turns spent in the entire game.
 C = Inter-level travel turns spent in this place as a percentage of turns spent in this place.
 D = Turns resting spent in this place as a percentage of non-inter-level travel turns spent in this place.
 E = Turns spent auto-exploring this place as a percentage of non-inter-level travel turns spent in this place.
 F = Non-inter-level travel turns spent in this place divided by the number of levels of this place that you've seen.
                   A       B       C       D       E      F
               +-------+-------+-------+-------+-------+----------------------
         Total | 100.0 | 100.0 |   0.0 |   0.0 |   0.0 |  86.0
       Dungeon | 100.0 | 100.0 |   0.0 |   0.0 |   0.0 |  86.0
               +-------+-------+-------+-------+-------+----------------------

Table legend:
 A = Kills in this place as a percentage of kills in entire the game.
 B = Kills by you in this place as a percentage of kills by you in the entire game.
 C = Kills by friends in this place as a percentage of kills by friends in the entire game.
 D = Other kills in this place as a percentage of other kills in the entire game.
 E = Experience gained in this place as a percentage of experience gained in the entire game.
 F = Experience gained in this place divided by the number of levels of this place that you have seen.
                   A       B       C       D       E      F
               +-------+-------+-------+-------+-------+----------------------
         Total | 100.0 | 100.0 |  -nan |  -nan | 100.0 | 971236.0
       Dungeon | 100.0 | 100.0 |  -nan |  -nan | 100.0 | 971236.0
               +-------+-------+-------+-------+-------+----------------------
